 Dungeon Crawl Stone Soup version 0.27-a0-1273-gec92ba881d (webtiles) character file.

Game seed: 5898051737961276867

2 mordus the Skirmisher (level 1, 0/19 HPs)
             Began as a Draconian Monk on June 11, 2021.
             Frozen to death by an endoplasm (1 damage)
             ... on level 1 of the Dungeon.
             The game lasted 00:00:12 (35 turns).

mordus the Skirmisher (Draconian Monk)                Turns: 35, Time: 00:00:13

Health: 0/19       AC:  4    Str: 13    XL:     1   Next: 25%
Magic:  1/1        EV: 12    Int: 10    God:
Gold:   0          SH:  0    Dex: 13    Spells: 0/0 levels left

rFire    . . .     SeeInvis .   a - +0 spear
rCold    . . .     Faith    .   (no shield)
rNeg     . . .     Spirit   .   (armour unavailable)
rPois    .         Reflect  .   (helmet restricted)
rElec    .         Harm     .   (no cloak)
rCorr    .         Rampage  .   (no gloves)
Will     .....                  (no boots)
Stlth    ++........             (no amulet)
HPRegen  0.06/turn              (no ring)
MPRegen  0.07/turn              (no ring)

@: slowed, very slow
A: AC +4, unfitting armour, cold-blooded
a: no special abilities


You were on level 1 of the Dungeon.
You visited 1 branch of the dungeon, and saw 1 of its levels.

Inventory:

Hand Weapons
 a - a +0 spear (weapon)


   Skills:
 - Level 3.2 Fighting
 + Level 3.1 Polearms
 - Level 2.6 Dodging
 - Level 1.7 Stealth


You couldn't memorise any spells.
You didn't know any spells.
Your spell library was empty.

Dungeon Overview and Level Annotations

Branches:
Dungeon (1/15)

Altars:


Innate Abilities, Weirdness & Mutations

Your plain brown scales are hard. (AC +4)
You cannot fit into any form of body armour.
You are cold-blooded and may be slowed by cold attacks.


Message History

You closely miss the hobgoblin.
The hobgoblin is severely wounded.
The hobgoblin misses you.
You hit the hobgoblin.
You kill the hobgoblin!
You completely miss the kobold. The kobold hits you but does no damage.
You barely miss the kobold. The kobold hits you with a +0 whip.
You hit the kobold but do no damage. The kobold hits you with a +0 whip.
You barely miss the kobold.
The endoplasm jiggles.
The kobold hits you with a +0 whip.
You are too injured to fight recklessly!
You are too injured to fight recklessly!
You are too injured to fight recklessly!
You hit the kobold but do no damage. You tail-slap the kobold.
You kill the kobold!
You hit the endoplasm. You tail-slap the endoplasm.
The endoplasm is moderately wounded.
The endoplasm freezes you.
You are frozen.
* * * LOW HITPOINT WARNING * * *
You completely miss the endoplasm.
The endoplasm is moderately wounded.
The endoplasm barely misses you.
You hit the endoplasm.
The endoplasm is severely wounded.
The endoplasm freezes you.
You are frozen.
* * * LOW HITPOINT WARNING * * *
You feel yourself slow down.
You hit the endoplasm but do no damage.
The endoplasm is severely wounded.
The endoplasm freezes you.
You are frozen.
* * * LOW HITPOINT WARNING * * *
You hit the endoplasm but do no damage.
The endoplasm is severely wounded.
The endoplasm freezes you.
You are frozen.
You die...

.. .. .# .# ...
##J# #..###..#
.##......#
.........#
.######.###########
#...KJJ@.......
#...##########.
##.## #.# ##'##
+...+ #.<.# +...+
##+##


You could see 2 endoplasms and a kobold.

Vanquished Creatures
  A hobgoblin (D:1)
  A kobold (D:1)
2 creatures vanquished.

Notes
Turn   | Place    | Note
-------+----------+-------------------------------------------
     0 | D:1      | mordus the Draconian Monk began the quest for the Orb.
     0 | D:1      | Reached XP level 1. HP: 19/19 MP: 1/1
    35 | D:1      | Frozen to death by an endoplasm

Illustrated notes

Levels and vault maps discovered:
D:1:      dpeg_arrival_radiant, layout_loops_ring,
          chequers_ecumenical_altar_lobes, minmay_three_crescents

Action                   || total
-------------------------++-------
Melee: Spear             ||    22
       Tailslap          ||     5
Armor: Skin              ||     2
Dodge: Dodged            ||     9

Table legend: (Time is in decaauts)
 A = Elapsed time spent in this place.
 B = Non-inter-level travel time spent in this place.
 C = Inter-level travel time spent in this place.
 D = Time resting spent in this place.
 E = Time spent auto-exploring this place.
 F = Levels seen in this place.
 G = Mean time per level.
                   A        B        C        D        E       F      G
               +--------+--------+--------+--------+--------+-----+--------+
         Total |     34 |     34 |      0 |      0 |      5 |   1 |   34.0 |
       Dungeon |     34 |     34 |      0 |      0 |      5 |   1 |   34.0 |
               +--------+--------+--------+--------+--------+-----+--------+

Top non-repeatable levels by time:
     D:1: 34 daAuts
